[Event "Canary Islands-ch Veterans 2019"]
[Site "La Palma"]
[Date "2019.05.02"]
[Round "1.1"]
[White "Rodriguez Melian, Jose Luis"]
[Black "Garcia De La Banda, Francisco"]
[Result "0-1"]
[ECO "A90"]
[WhiteElo "2076"]
[BlackElo "1872"]
[Annotator "NA"]
[PlyCount "104"]
[EventDate "2019.05.02"]
[EventType "swiss"]
[EventCountry "ESP"]
[SourceTitle "playchess.com"]
[Source "ChessBase"]
[SourceQuality "1"]
[TimeControl "5400+30"]

1. d4 e6 2. c4 f5 3. g3 Nf6 4. Bg2 Ne4 5. Nh3 Be7 6. O-O O-O 7. b3 d5 8. Bb2 c6 9. f3 Nd6 10. Nd2 g5 11. e4 f4 12. Qe2 Ne8 13. Rae1 Bb4 14. gxf4 gxf4 15. exd5 cxd5 16. cxd5 exd5 17. Nxf4 Qg5 18. a3 Bxd2 19. Qxd2 Ng7 20. Bc1 Nc6 21. Kh1 Kh8 22. b4 Bd7 23. b5 Ne7 24. Qb4 Rf7 25. Ne6 Qg6 26. Ng5 Ngf5 27. Nxf7+ Qxf7 28. Bf4 Ng6 29. Be5+ Nxe5 30. dxe5 Rg8 31. e6 Bxe6 32. Qb2+ d4 33. Bh3 Rd8 34. Bxf5 Bxf5 35. Qe2 Bg6 36. Qe5+ Kg8 37. f4 Rd5 38. Qb8+ Kg7 39. Re5 d3 40. Qc8 Rxe5 41. Qc3 Be4+ 42. Kg1 Qg6+ 43. Kf2 Qb6+ 44. Kg3 Qg6+ 45. Kf2 Qg2+ 46. Ke3 Qe2+ 47. Kd4 Re7 (47... Rd5+ $142 48. Kc4+ {[#]} Kf7 $1 49. Re1 Qf2 50. Ra1 Rc5+ {[%mdl 64] Skewer} 51. Kb4 Rxc3 52. Kxc3 Qc2+ 53. Kd4 d2 54. Ke5 Qd3 55. f5 Bg2 56. Kf4 Kf6 57. Kg4 Qh3+ {[%mdl 64] Double Attack} 58. Kf4 Qf3#) 48. Rg1+ Kf7 49. Qc4+ Kf6 50. Qg8 Rd7+ 51. Kc3 Qc2+ 52. Kb4 Rd4+ 0-1

[Event "Canary Islands-ch Veterans 2019"]
[Site "La Palma"]
[Date "2019.05.02"]
[Round "1.2"]
[White "Poretti, Ennio"]
[Black "Lopez Pereyra, Antonio"]
[Result "0-1"]
[ECO "B58"]
[WhiteElo "1777"]
[BlackElo "2073"]
[Annotator "NA"]
[PlyCount "54"]
[EventDate "2019.05.02"]
[EventType "swiss"]
[EventCountry "ESP"]
[SourceTitle "playchess.com"]
[Source "ChessBase"]
[SourceQuality "1"]
[TimeControl "5400+30"]

1. e4 c5 2. Nf3 Nc6 3. d4 cxd4 4. Nxd4 Nf6 5. Nc3 d6 6. Be2 e5 7. Nf3 h6 8. h3 Be7 9. Be3 Be6 10. Qd2 O-O 11. g4 d5 12. exd5 Nxd5 13. Rd1 Nxe3 14. Qxe3 Qa5 15. O-O f5 16. g5 hxg5 17. b4 f4 18. Qe4 Qxb4 19. Qg6 Bf5 20. Qh5 Qxc3 21. Nxg5 Bxg5 22. Qxg5 Qxh3 23. Rd3 Bxd3 24. Bxd3 Nd4 25. f3 Qg3+ 26. Qxg3 fxg3 27. Kg2 Rac8 0-1

[Event "Canary Islands-ch Veterans 2019"]
[Site "La Palma"]
[Date "2019.05.03"]
[Round "2.1"]
[White "Lopez Pereyra, Antonio"]
[Black "Galvan Sarmiento, Jose Luis"]
[Result "0-1"]
[ECO "C11"]
[WhiteElo "2073"]
[BlackElo "1909"]
[Annotator "NA"]
[PlyCount "97"]
[EventDate "2019.05.02"]
[EventType "swiss"]
[EventCountry "ESP"]
[SourceTitle "playchess.com"]
[Source "ChessBase"]
[SourceQuality "1"]
[TimeControl "5400+30"]

1. e4 e6 2. d4 d5 3. Nc3 Nf6 4. e5 Nfd7 5. Nce2 c5 6. c3 Nc6 7. Nf3 Qb6 8. g3 Be7 9. Bh3 a5 10. O-O Qc7 11. Nf4 Nf8 12. Nh5 Rg8 13. Ne1 Bd7 14. Nc2 b5 15. Ne3 b4 16. f4 Qa7 17. Nc2 a4 18. Be3 a3 19. bxa3 bxc3 20. Qg4 cxd4 21. Bf2 Ng6 22. Qd1 Bc5 23. g4 Rb8 24. Qd3 Bc8 25. Qg3 Ba6 26. f5 Bxf1 27. Rxf1 Ngxe5 28. fxe6 fxe6 29. g5 Rf8 30. Nf4 Rxf4 31. Qxf4 Nd3 32. Qg4 Nxf2 33. Qxe6+ Ne7 34. Kxf2 Rb2 35. Kg3 Rxc2 36. Qf7+ Kd8 37. Qf8+ Kc7 38. Rf7 Kb6 39. Qxg7 Ka5 40. Qxh7 Qc7+ 41. Kf3 d3 42. Kg4 Rd2 43. Qg7 d4 44. Qf8 Qc8+ 45. Qxc8 Nxc8 46. g6 c2 47. Rf1 Rd1 48. g7 Ne7 49. Rh1 0-1

[Event "Canary Islands-ch Veterans 2019"]
[Site "La Palma"]
[Date "2019.05.03"]
[Round "2.2"]
[White "Garcia De La Banda, Francisco"]
[Black "Thoene, Ruediger"]
[Result "1-0"]
[ECO "B06"]
[WhiteElo "1872"]
[BlackElo "1926"]
[Annotator "NA"]
[PlyCount "52"]
[EventDate "2019.05.02"]
[EventType "swiss"]
[EventCountry "ESP"]
[SourceTitle "playchess.com"]
[Source "ChessBase"]
[SourceQuality "1"]
[TimeControl "5400+30"]

1. f4 g6 2. Nc3 Bg7 3. e4 c5 4. d3 d6 5. Be3 Nc6 6. Qd2 a6 7. Be2 b5 8. Nf3 b4 9. Nd1 Bd7 10. c3 Nf6 11. Nf2 Rb8 12. O-O O-O 13. d4 bxc3 14. bxc3 Qa5 15. dxc5 Ng4 16. e5 Nxe3 17. Qxe3 dxe5 18. fxe5 Rb2 19. Bc4 Bf5 20. Rfc1 Rfb8 21. h3 Qa4 22. Bb3 Qa3 23. Nd1 Rd8 24. Nxb2 Qxb2 25. Rd1 a5 26. Rxd8+ Nxd8 1-0

[Event "Canary Islands-ch Veterans 2019"]
[Site "La Palma"]
[Date "2019.05.03"]
[Round "3.1"]
[White "Galvan Sarmiento, Jose Luis"]
[Black "Garcia De La Banda, Francisco"]
[Result "1-0"]
[ECO "D00"]
[WhiteElo "1909"]
[BlackElo "1872"]
[Annotator "NA"]
[PlyCount "113"]
[EventDate "2019.05.02"]
[EventType "swiss"]
[EventCountry "ESP"]
[SourceTitle "playchess.com"]
[Source "ChessBase"]
[SourceQuality "1"]
[TimeControl "5400+30"]

1. d4 d5 2. Bf4 Bf5 3. e3 Nf6 4. c4 e6 5. Nc3 (5. Nf3 Bxb1 6. Rxb1 Bb4+ 7. Ke2 dxc4 8. Qa4+ Nc6 9. Ne5 a5 10. Nxc6 Qd7 11. Rc1 Nd5 12. Rxc4 Nb6 13. Qc2 Nxc4 14. Nxb4 Nxb2 {1-0 (41) Nakamura,H (2769)-Giri,A (2782) Leuven 2018}) 5... c6 6. Qb3 {[%emt 0:02:20] D00: 1 d4 d5: Unusual lines} Qb6 7. c5 Qxb3 8. axb3 Nbd7 9. Be2 Ne4 10. Nf3 Be7 11. h3 O-O 12. b4 a6 13. O-O $146 ({Predecessor:} 13. Nxe4 Bxe4 {½-½ (26) Lecky,J (2067)-Kovac,L (2146) Slovakia 2017}) 13... h6 14. Nxe4 Bxe4 15. Nd2 Bh7 16. Nb3 f6 17. Na5 e5 18. Bg3 Ra7 19. b5 cxb5 20. c6 Nb8 21. cxb7 Bb4 22. dxe5 Bxa5 23. Rxa5 Rxb7 24. exf6 Rxf6 25. Rc1 Nd7 26. Rc8+ Kf7 27. Bg4 Ke7 28. Ra1 Bd3 29. Ra3 Bc4 30. Bf3 Nb6 31. Rc5 Nd7 32. Rc8 Nb6 33. Rc7+ (33. Rh8 $18 {has better winning chances.}) 33... Rxc7 34. Bxc7 Nd7 35. Rc3 Nc5 36. Rc2 Kd7 37. Be5 Rf7 38. Bxd5 Bxd5 39. Rxc5 Ke6 40. Bd4 Rb7 41. e4 Bc4 42. Rc6+ Kf7 43. Rxa6 Re7 44. Ra7 Rxa7 45. Bxa7 Ke7 46. h4 g6 47. f3 Bf7 48. Kf2 Ke6 49. Bd4 Be8 50. g4 h5 $2 (50... Kf7 51. f4 Kf8) 51. gxh5 gxh5 52. f4 Bc6 53. f5+ Ke7 54. Ke3 Be8 55. e5 Bc6 56. Kf4 Bd7 57. Bc5+ 1-0

[Event "Canary Islands-ch Veterans 2019"]
[Site "La Palma"]
[Date "2019.05.03"]
[Round "3.2"]
[White "Diaz Franco, Francisco Jorge"]
[Black "Rodriguez Melian, Jose Luis"]
[Result "0-1"]
[ECO "C42"]
[WhiteElo "1949"]
[BlackElo "2076"]
[Annotator "NA"]
[PlyCount "86"]
[EventDate "2019.05.02"]
[EventType "swiss"]
[EventCountry "ESP"]
[SourceTitle "playchess.com"]
[Source "ChessBase"]
[SourceQuality "1"]
[TimeControl "5400+30"]

1. e4 e5 2. Nf3 Nf6 3. Bc4 Nxe4 4. Nxe5 d5 5. Be2 Bd6 6. d4 O-O 7. O-O Re8 8. Nf3 c5 9. Be3 c4 10. Nc3 Nxc3 11. bxc3 Qa5 12. Bd2 Bf5 13. Ne1 Nd7 14. Bg4 Bxg4 15. Qxg4 Nf6 16. Qd1 Ne4 17. Nf3 b5 18. Re1 Nxc3 19. Bxc3 Qxc3 20. Rxe8+ Rxe8 21. Rb1 b4 22. h4 h6 23. Kf1 a5 24. Qd2 Qxd2 25. Nxd2 Kf8 26. g3 Ke7 27. Re1+ Kd7 28. Rb1 Kc6 29. Nf3 Re4 30. Rc1 Kb5 31. c3 Re6 32. Rb1 Ka4 33. cxb4 axb4 34. Rb2 Ka3 35. Rc2 b3 36. axb3 cxb3 37. Rc8 Bb4 38. Ra8+ Kb2 39. Ne5 Rxe5 40. dxe5 Kc2 41. Rb8 Bc3 42. f4 b2 43. Ke2 d4 0-1

[Event "Canary Islands-ch Veterans 2019"]
[Site "La Palma"]
[Date "2019.05.04"]
[Round "4.1"]
[White "Galvan Sarmiento, Jose Luis"]
[Black "Fernandez Manrique, Agustin"]
[Result "1/2-1/2"]
[ECO "A48"]
[WhiteElo "1909"]
[BlackElo "2074"]
[Annotator "NA RC"]
[PlyCount "90"]
[EventDate "2019.05.02"]
[EventType "swiss"]
[EventCountry "ESP"]
[SourceTitle "playchess.com"]
[Source "ChessBase"]
[SourceQuality "1"]
[TimeControl "5400+30"]

1. d4 Nf6 2. Bf4 g6 3. e3 Bg7 4. Be2 O-O 5. Nf3 d6 6. h3 b6 7. c4 Nbd7 8. Nc3 Bb7 9. O-O e6 10. Bh2 Qe7 11. Qc2 {[%emt 0:01:58] A48: 1 d4 Nf6 2 Nf3 g6: Torre, London and Colle Systems} (11. Rc1 e5 12. dxe5 dxe5 13. Nd5 Nxd5 14. cxd5 Nc5 15. b4 Ne4 16. Qc2 f5 17. Qxc7 Qxc7 18. Rxc7 Bxd5 19. Bxe5 Bxe5 20. Nxe5 {½-½ (49) Matlakov,M (2689)-Bartel,M (2622) Berlin 2015}) 11... e5 12. d5 Ne8 13. Rad1 $146 ({Predecessor:} 13. b4 f5 14. e4 Nef6 15. Nd2 Bh6 16. Bf3 Bxd2 17. Qxd2 f4 18. g4 Ne8 {0-1 (31) Sisak,R (2084)-Folk,P (2228) Czechia 2013}) 13... f5 14. b4 g5 15. Nd2 Nef6 16. a3 a6 17. g4 f4 18. Nce4 Nxe4 19. Nxe4 h6 20. Bd3 Nf6 21. Nxf6+ Qxf6 22. Bf5 Bc8 23. Bxc8 Raxc8 24. Qe4 Ra8 25. Rc1 a5 26. b5 Rf7 27. a4 Raf8 28. f3 h5 29. Rce1 Qh6 30. Re2 hxg4 31. hxg4 Bf6 32. Rff2 Be7 33. Kf1 Kg7 34. Ke1 Rh8 35. Kd2 Qg6 36. Qxg6+ Kxg6 $15 37. e4 Rh3 38. Kc2 Rfh7 39. Kd2 R7h4 40. Kc2 Rh8 41. Kd2 R8h7 42. Kc2 R7h4 43. Kb2 Rh8 44. Re3 Kg7 45. Ree2 Kg6 1/2-1/2

[Event "Canary Islands-ch Veterans 2019"]
[Site "La Palma"]
[Date "2019.05.04"]
[Round "4.2"]
[White "Gonzalez Ortega, Jose Miguel"]
[Black "Rodriguez Melian, Jose Luis"]
[Result "0-1"]
[ECO "A48"]
[WhiteElo "1733"]
[BlackElo "2076"]
[Annotator "NA RC"]
[PlyCount "102"]
[EventDate "2019.05.02"]
[EventType "swiss"]
[EventCountry "ESP"]
[SourceTitle "playchess.com"]
[Source "ChessBase"]
[SourceQuality "1"]
[TimeControl "5400+30"]

1. d4 Nf6 2. Nf3 g6 3. Bg5 Bg7 4. Bxf6 Bxf6 5. e3 c5 (5... O-O 6. Nbd2 d5 7. Bd3 c5 8. c3 Nd7 9. O-O e5 10. dxe5 Nxe5 11. Nxe5 Bxe5 12. Nf3 Bg7 {0-1 (42) Pankov,G (2404)-Kryakvin,D (2529) Minsk 2015}) 6. c3 {[%emt 0:00:22] A48: 1 d4 Nf6 2 Nf3 g6: Torre, London and Colle Systems} Qb6 7. Qb3 $146 ({Predecessor:} 7. Qc2 d6 8. Nbd2 O-O 9. Bd3 Bd7 10. O-O cxd4 11. Nxd4 Nc6 12. Qb3 Qxb3 13. N2xb3 {0-1 (76) Canseco Arenas,A (1721)-Rodriguez Bachiller,L (1771) Madrid 2014}) 7... Nc6 8. Nbd2 Qxb3 9. axb3 cxd4 10. exd4 d5 11. Bb5 Bd7 12. b4 Kd8 13. O-O Nb8 14. Ba4 Kc7 15. Rfe1 Bxa4 16. Rxa4 Nd7 17. Nb3 Nb6 18. Ra2 Nc4 19. Na5 Nd6 20. Ne5 e6 21. f3 Bxe5 22. dxe5 Nb5 23. Nb3 Rhd8 24. Rd1 Rac8 25. Nd4 Nxd4 26. Rxd4 Kb6 27. Kf2 Rc4 28. Ke3 Rdc8 29. Rd2 h5 30. h3 h4 31. Ra1 Rh8 32. Rad1 Rh5 33. f4 {[%emt 0:00:48] [#]} (33. Kf2 $17) 33... Re4+ $1 34. Kf3 Rf5 35. g3 hxg3 36. Kxg3 Rexf4 37. Re2 Kb5 38. Re3 a6 39. Ra1 b6 40. Rd1 Re4 41. Rxe4 dxe4 42. Rd4 Rxe5 43. Kf4 f6 44. Ke3 f5 45. Kf4 e3 46. Rd1 Re4+ 47. Kg5 e2 48. Re1 $19 f4 49. Kg4 e5 50. h4 Re3 51. b3 Rg3# 0-1

[Event "Canary Islands-ch Veterans 2019"]
[Site "La Palma"]
[Date "2019.05.04"]
[Round "5.1"]
[White "Rodriguez Melian, Jose Luis"]
[Black "Galvan Sarmiento, Jose Luis"]
[Result "0-1"]
[ECO "D79"]
[WhiteElo "2076"]
[BlackElo "1909"]
[Annotator "NA RC"]
[PlyCount "128"]
[EventDate "2019.05.02"]
[EventType "swiss"]
[EventCountry "ESP"]
[SourceTitle "playchess.com"]
[Source "ChessBase"]
[SourceQuality "1"]
[TimeControl "5400+30"]

1. d4 d5 2. c4 c6 3. Nf3 g6 4. g3 Bg7 5. Bg2 Nf6 6. O-O O-O 7. cxd5 cxd5 8. Ne5 Nbd7 9. Nc3 e6 10. f4 a6 {[%emt 0:05:30] D79: Fianchetto Grünfeld: Symmetrical Variation (6 0-0 c6 7 cxd5 cxd5)} 11. e3 (11. a4 b6 12. Qb3 Bb7 13. Bd2 Rb8 14. Rac1 Ne8 15. Na2 a5 16. Nc3 Nd6 17. Nb5 Nxe5 18. dxe5 Nxb5 19. Qxb5 {0-1 (54) Ruck,R (2566)-Kozul,Z (2619) Slovenia 2016}) 11... Ne8 $146 ({Predecessor:} 11... b5 12. b4 Bb7 13. a4 Qe7 14. Bd2 Nxe5 15. fxe5 Ne4 16. Nxe4 dxe4 17. Qb1 Rfd8 18. Rf2 {1-0 (32) Lesiege,A (2370)-Lacroix,S Quebec 1991}) 12. b3 f6 13. Nd3 Nb8 14. Ba3 Rf7 15. g4 Nc7 16. Rc1 Nc6 17. Na4 Nb5 18. Bc5 Bf8 19. Nb6 Rb8 20. f5 Bxc5 21. dxc5 Nc7 22. Nf4 exf5 23. Nxc8 Rxc8 24. gxf5 Ne7 25. fxg6 hxg6 26. Qg4 f5 27. Qg5 Rg7 28. Rcd1 Qd7 29. Qf6 Qc6 30. Qd6 Ne8 31. Qe5 Qf6 32. Qd4 Qxd4 33. Rxd4 Nf6 34. Nxd5 Ng4 35. h3 Nh6 36. b4 (36. Nf6+ $142 Kf7 37. Ne4) 36... Nc6 37. Nf6+ Kf7 (37... Kh8 $142) 38. Bxc6 Rxc6 39. Nd7 Ke8 (39... Re6 $142) 40. Rfd1 Re7 41. Kf2 Rce6 42. R1d3 f4 43. e4 g5 44. e5 ({White should try} 44. Rd2 $16) 44... Nf5 45. Nf6+ Kf7 46. Rd7 Rxe5 47. Rxe7+ Rxe7 48. Nd5 Re5 49. Nb6 Ne3 50. Nc8 Kg6 51. Nd6 (51. Rd6+ $11 {keeps the balance.} Kf5 52. Rd3) 51... Re7 $1 52. Kf3 Kh5 (52... Nc2 $17 53. Kf2 Rh7) 53. Ne4 Nc2 54. Rd8 $2 (54. Rd1 $11) 54... Ne1+ 55. Kf2 Rxe4 56. Rd1 Nc2 57. Rd7 Nxb4 58. Rxb7 Nd3+ {[%emt 0:00:26] Double Attack} 59. Kf3 Re3+ 60. Kg2 f3+ 61. Kg3 f2+ 62. Kg2 Re1 {[%emt 0:00:30] Decoy} 63. Rf7 f1=Q+ 64. Rxf1 Rxf1 0-1

[Event "Canary Islands-ch Veterans 2019"]
[Site "La Palma"]
[Date "2019.05.04"]
[Round "5.2"]
[White "Gutierrez Perez, Jose"]
[Black "Garcia De La Banda, Francisco"]
[Result "0-1"]
[ECO "E21"]
[WhiteElo "1958"]
[BlackElo "1872"]
[Annotator "NA RC"]
[PlyCount "108"]
[EventDate "2019.05.02"]
[EventType "swiss"]
[EventCountry "ESP"]
[SourceTitle "playchess.com"]
[Source "ChessBase"]
[SourceQuality "1"]
[TimeControl "5400+30"]

1. d4 Nf6 2. c4 e6 3. Nf3 b6 4. Nc3 Bb4 5. Qc2 Bb7 6. a3 Bxc3+ 7. Qxc3 h6 {[%emt 0:02:24] E21: Nimzo-Indian: 4 Nf3} (7... O-O 8. e3 d5 9. b3 Nbd7 10. Be2 c5 11. O-O Rc8 12. Bb2 Ne4 13. Qc2 cxd4 14. exd4 Nd6 15. Nd2 Qf6 16. Rac1 Nf5 17. Qd3 {½-½ (63) Yu,Y (2751)-Kryvoruchko,Y (2689) Riadh 2017}) 8. b4 a5 $146 ({Predecessor:} 8... d6 9. Bb2 Nbd7 10. e3 Ne4 11. Qc2 O-O 12. Bd3 f5 13. O-O Qe7 14. Rac1 Ng5 15. Nxg5 Qxg5 {1-0 (45) Abramovic,D (2138)-Vesovic,N (2009) Podgorica 2010}) 9. b5 d6 10. Nd2 Nbd7 11. a4 O-O 12. f3 Qe7 13. e4 e5 14. d5 g6 15. Nb3 Kg7 16. Be3 Ng8 17. g4 Ndf6 18. O-O-O Bc8 19. Be2 Nh7 20. f4 Nhf6 21. fxe5 dxe5 22. Qc2 Nxg4 23. Bxg4 Bxg4 24. Rdf1 Qa3+ 25. Kb1 Qxa4 26. Kb2 Qb4 27. Bd2 Qe7 28. Bc3 Nf6 29. Qg2 Bc8 30. Nd2 Nh5 31. Rhg1 Kh7 32. Rf2 Nf4 33. Rxf4 exf4 34. Qf3 ({Better is} 34. Qf2) 34... Qh4 35. Qd3 Bg4 36. Qd4 (36. e5 {was worth a try.}) 36... f6 37. e5 fxe5 38. Qxe5 Rf7 39. Qd4 Raf8 40. Rf1 Qxh2 41. Rf2 Qg1 42. c5 bxc5 43. Qxc5 a4 44. Bd4 Qe1 45. Ka3 Qe7 46. Qxe7 Rxe7 47. Bc5 Re3+ 48. Bxe3 fxe3 {[%emt 0:00:02] Discovered Attack} 49. Rxf8 exd2 50. Rf1 d1=Q 51. Rxd1 Bxd1 52. d6 cxd6 53. b6 Bf3 54. Kxa4 h5 0-1

[Event "Canary Islands-ch Veterans 2019"]
[Site "La Palma"]
[Date "2019.05.05"]
[Round "6.1"]
[White "Galvan Sarmiento, Jose Luis"]
[Black "Gutierrez Perez, Jose"]
[Result "1/2-1/2"]
[ECO "D02"]
[WhiteElo "1909"]
[BlackElo "1958"]
[Annotator "NA"]
[PlyCount "76"]
[EventDate "2019.05.02"]
[EventType "swiss"]
[EventCountry "ESP"]
[SourceTitle "playchess.com"]
[Source "ChessBase"]
[SourceQuality "1"]
[TimeControl "5400+30"]

1. d4 d5 2. Bf4 Nf6 3. e3 c6 4. Nd2 Bg4 5. Ngf3 e6 6. h3 Bh5 7. c4 Bd6 8. Bxd6 Qxd6 9. Qb3 Qe7 10. Bd3 O-O 11. O-O dxc4 12. Bxc4 a5 13. a4 Na6 14. Ne5 Nb4 15. Rfe1 Bg6 16. Nxg6 hxg6 17. Nf3 Nd7 18. Rac1 Nb6 19. Bf1 Nd7 20. Red1 Rad8 21. Nd2 e5 22. Nc4 exd4 23. exd4 b6 24. Ne3 Nf6 25. Nc4 Nfd5 26. Ne5 c5 27. Nf3 cxd4 28. Nxd4 Qf6 29. Qf3 Nf4 30. Nb5 g5 31. Nc3 Qe5 32. Rxd8 Rxd8 33. Rd1 Qf6 34. Rc1 Qe5 35. Rd1 Re8 36. Bb5 Re7 37. Rd8+ Kh7 38. Rd1 Re8 1/2-1/2

[Event "Canary Islands-ch Veterans 2019"]
[Site "La Palma"]
[Date "2019.05.05"]
[Round "6.2"]
[White "Garcia De La Banda, Francisco"]
[Black "Fernandez Manrique, Agustin"]
[Result "0-1"]
[ECO "A01"]
[WhiteElo "1872"]
[BlackElo "2074"]
[Annotator "NA RC"]
[PlyCount "38"]
[EventDate "2019.05.02"]
[EventType "swiss"]
[EventCountry "ESP"]
[SourceTitle "playchess.com"]
[Source "ChessBase"]
[SourceQuality "1"]
[TimeControl "5400+30"]

1. b3 e5 2. Bb2 Nc6 3. e3 Nf6 4. Bb5 Bd6 5. Nc3 a6 6. Bxc6 dxc6 7. Nge2 Qe7 8. O-O e4 $15 9. f3 exf3 10. Rxf3 Bg4 11. Rf2 Qe5 12. g3 h5 13. Qf1 h4 14. Nf4 hxg3 15. hxg3 O-O-O 16. Qg2 Rh6 17. Re1 Rdh8 18. d4 Qf5 19. e4 Qh7 0-1